 Dungeon Crawl Stone Soup version 0.31.0-4-g52a2dc7128 (webtiles) character file.

Game seed: 907268038019778252

121 Bobbunny the Sneak (level 5, -5/30 HPs)
             Began as a Kobold Brigand on Jan 21, 2024.
             Was an Initiate of Dithmenos.
             Splashed by a jelly's acid (7 damage)
             ... on level 4 of the Dungeon.
             The game lasted 00:02:40 (2116 turns).

Bobbunny the Sneak (Kobold Brigand)                 Turns: 2116, Time: 00:02:41

Health: -5/30      AC: -5    Str:  9    XL:     5   Next: 26%
Magic:  5/5        EV: 14    Int: 12    God:    Dithmenos [......]
Gold:   174        SH:  0    Dex: 18    Spells: 4/4 levels left

rFire   + . .        o - +1 dagger (freeze)
rCold   . . .        (no shield)
rNeg    . . .        b - +0 robe
rPois   .            (no helmet)
rElec   .            c - +0 cloak
rCorr   .            (no gloves)
SInv    .            (no boots)
Will    .....        (no amulet)
Stlth   +++++        k - ring of protection from fire
HPRegen 0.25/turn    j - ring of flight
MPRegen 0.09/turn

%: no passive effects
@: corroded, flying, invisible
A: small, no large weapons, nightstalker 3
a: Renounce Religion


You were on level 4 of the Dungeon.
You worshipped Dithmenos.
Dithmenos was noncommittal.
You visited 1 branch of the dungeon, and saw 4 of its levels.

You collected 174 gold pieces.

Inventory:

Hand Weapons
 o - a +1 dagger of freezing (weapon)
Missiles
 e - 3 curare-tipped darts
 f - 13 poisoned darts (quivered)
 q - 2 boomerangs
Armour
 b - a +0 robe (worn)
 c - a +0 cloak (worn)
Jewellery
 j - a ring of flight (right hand)
 k - a ring of protection from fire (left hand)
Wands
 p - a wand of polymorph (13)
 r - a wand of roots (9)
Scrolls
 d - 5 scrolls of teleportation {unknown}
 g - 3 scrolls of identify {unknown}
 i - 2 scrolls of fear {unknown}
 m - a scroll of noise {unknown}
 n - a scroll of fog {unknown}
Potions
 a - a potion of curing {unknown}
 h - a potion of invisibility
 l - a potion of degeneration {unknown}


   Skills:
 + Level 2.2 Fighting
 * Level 5.1 Short Blades
 - Level 2.1 Throwing
 + Level 1.3 Dodging
 - Level 7.0 Stealth


You had 4 spell levels left.
You didn't know any spells.
Your spell library was empty.

Dungeon Overview and Level Annotations

Branches:
Dungeon (4/15)
 Temple: D:4-7

Altars:
Dithmenos
Nemelex Xobeh
Ru

Shops:
D:4 [


Innate Abilities, Weirdness & Mutations

You are small and have problems with some larger weapons.
You are completely attuned to the shadows.


Message History

The ribbon worm is almost dead.
The ribbon worm barely misses you.
You hit the ribbon worm. You freeze the ribbon worm.
The ribbon worm is almost dead.
The ribbon worm bites you but does no damage.
You hit the ribbon worm. You freeze the ribbon worm.
You kill the ribbon worm!
Dithmenos accepts your kill.
You see here a ribbon worm corpse.
You see here a ribbon worm corpse.
g - 3 scrolls labelled RABBEM VOTIUGH (gained 1)
r - a wand of roots (9)
You see here a +0 ring mail.
A jelly comes into view.
A jelly is nearby!
A jelly is nearby!
A jelly is nearby!
The jelly quivers.
You hit the jelly. You freeze the jelly.
Your hands burn!
The jelly is lightly wounded.
You hit the jelly. You freeze the jelly.
Your hands burn!
The jelly is moderately wounded.
The jelly closely misses you.
You hit the jelly. You freeze the jelly. The acid corrodes you!
Your hands burn!
The jelly is heavily wounded.
The jelly barely misses you.
You hit the jelly. You freeze the jelly.
Your hands burn!
The jelly is severely wounded.
You hit the jelly but do no damage. The acid corrodes you!
Your hands burn!
The jelly is severely wounded.
The jelly hits you.
You are splashed with acid!
* * * LOW HITPOINT WARNING * * *
You are too injured to fight recklessly!
It was a potion of invisibility.
You fade into invisibility!
The jelly hits you.
* * * LOW HITPOINT WARNING * * *
You are splashed with acid!
You die...

.....###......).......#
......###...#.....##..##
...##..###.....####....#####
<..#.....#.#...#>.##...##.<#
...#..#....#...#...#...#...#
......#....##..##.'#...#'.##
...#..#...^.#...###.....#####
...#............J...........#
.#..............@....⌠......#
.#.##.................).....#
...#............###.....#####
..[#........#..##..#...#'.##
............##.#...#...#...#
..........#..###<.##...##.>#
..........#[##.####.....####
....................#....#
.......).#.##.......#..#.#


You could see a jelly.

Vanquished Creatures
  A bombardier beetle (D:4)
  2 adders
  2 ribbon worms (D:4)
  2 orcs (D:4)
  6 bats
  5 endoplasms
  2 giant cockroaches
  8 goblins
  A hobgoblin (D:2)
  6 jackals
  5 kobolds
  2 quokkas (D:1)
  8 ball pythons
  5 frilled lizards
  4 rats
59 creatures vanquished.

Notes
Turn   | Place    | Note
-------+----------+-------------------------------------------
     0 | D:1      | Bobbunny the Kobold Brigand began the quest for the Orb.
     0 | D:1      | Reached XP level 1. HP: 12/12 MP: 1/1
    79 | D:1      | Reached XP level 2. HP: 12/17 MP: 2/2
   388 | D:1      | Reached XP level 3. HP: 21/21 MP: 3/3
   390 | D:1      | Reached skill level 6 in Stealth
   567 | D:1      | Found a faded altar of an unknown god.
   891 | D:2      | Reached XP level 4. HP: 26/26 MP: 4/4
  1168 | D:3      | Found a shadowy altar of Dithmenos.
  1177 | D:3      | Became a worshipper of Dithmenos the Shadowed
  1441 | D:3      | Found a sparkling altar of Nemelex Xobeh.
  1566 | D:4      | Found a sacrificial altar of Ru.
  1742 | D:4      | Reached skill level 5 in Short Blades
  1742 | D:4      | Reached skill level 7 in Stealth
  1742 | D:4      | Reached XP level 5. HP: 25/30 MP: 5/5
  1954 | D:4      | Found Arusm's Armour Boutique.
  2116 | D:4      | Splashed by a jelly's acid

Illustrated notes

Levels and vault maps discovered:
D:1:      minmay_arrival_stone_box, layout_rooms,
          dilly_ecumenical_altar_fadedgnrine, st_stairs_2, minmay_3d_cube
D:2:      layout_basic, uniq_jessica
D:3:      layout_loops_ring, nicolae_dithmenos_shadow_blocks,
          mainiacjoe_overflow_paths, grunt_temple_overflow_cloverleaf,
          serial_bayou_pond_a, kennysheep_generic_room_14
D:4:      layout_cave_pools, lemuel_round_altar, minitemple, temple_statues,
          serial_shops, shop, grunt_ministairs_6, uniq_crazy_yiuf_cottage

Skill      XL: |  1  2  3  4 |
---------------+-------------+-----
Short Blades   | 3 4 5 |  5.1
Stealth        | 6 7 |  7.0
Fighting       | |  2.2
Throwing       | |  2.1
Dodging        | |  1.3

Action                     |  1- 3 |  4- 6 || total
---------------------------+-------+-------++-------
  Melee: Dagger            |    80 |   118 ||   198
         Punch             |       |     1 ||     1
    Use: Potion            |       |     1 ||     1
   Stab: Sleeping          |    18 |     8 ||    26
 Armour: Robe              |    35 |    33 ||    68
  Dodge: Dodged            |    60 |    65 ||   125
